 Dungeon Crawl Stone Soup version 0.29-a0-231-g945431f764 (webtiles) character file.

Game seed: 5049491580695826775

1 siradein the Digger (level 1, 0/14 HPs)
             Began as a Ghoul Earth Elementalist on Feb 28, 2022.
             Slain by a quokka (2 damage)
             ... on level 1 of the Dungeon.
             The game lasted 00:00:24 (202 turns).

siradein the Digger (Ghoul Earth Elementalist)       Turns: 202, Time: 00:00:25

Health: 0/14       AC:  3    Str: 11    XL:     1   Next: 20%
Magic:  2/2        EV: 12    Int: 10    God:
Gold:   37         SH:  0    Dex:  9    Spells: 2/3 levels left

rFire   . . .      SeeInvis .   (no weapon)
rCold   + . .      Faith    .   (no shield)
rNeg    + + +      Spirit   .   b - +0 robe
rPois   ∞          Reflect  .   e - +0 helmet
rElec   .          Harm     .   (no cloak)
rCorr   .          Rampage  .   (no gloves)
Will    .....                   (no boots)
Stlth   ++........              (no amulet)
HPRegen 0.00/turn               (no ring)
MPRegen 0.08/turn               (no ring)

@: inhibited regen
A: claws 1, cold resistance 1, negative energy resistance 3, inhibited
regeneration, torment resistance 2
a: no special abilities


You were on level 1 of the Dungeon.
You visited 1 branch of the dungeon, and saw 1 of its levels.

You collected 37 gold pieces.

Inventory:

Missiles
 a - 63 stones
Armour
 b - a +0 robe (worn)
 e - a +0 helmet (worn)
Scrolls
 c - a scroll of identify {unknown}
 d - a scroll of magic mapping {unknown}


   Skills:
 - Level 1.7 Dodging
 - Level 2.1 Stealth
 - Level 1.7 Spellcasting
 - Level 0.8 Transmutations
 + Level 3.4 Earth Magic


You had 2 spell levels left.
You knew the following spells:

 Your Spells              Type           Power      Damage    Failure   Level
a - Sandblast             Erth           14%        2d6       8%          1

Your spell library contained the following spells:

 Spells                   Type           Power      Damage    Failure   Level
 Passwall                 Tmut/Erth      4%         N/A       21%         2
 Stone Arrow              Conj/Erth      8%         3d7       43%         3
 Petrify                  Tmut/Erth      5%         N/A       80%         4


Dungeon Overview and Level Annotations

Branches:
Dungeon (1/15)

Altars:


Innate Abilities, Weirdness & Mutations

You thrive by killing the living.
You are immune to poison.
You have sharp fingernails.
Your flesh is cold resistant. (rC+)
You are immune to negative energy. (rN+++)
You do not regenerate when monsters are visible.
You are immune to unholy pain and torment.


Message History

The quokka closely misses you.
You continue putting on your +0 helmet.
The quokka closely misses you.
You continue putting on your +0 helmet.
The quokka bites you.
You finish putting on your +0 helmet.
You miss the quokka.
The quokka bites you but does no damage.
You closely miss the quokka. The quokka closely misses you.
You closely miss the quokka. The quokka closely misses you.
The quokka bites you.
You barely miss the quokka.
The quokka twitches its whiskers.
The quokka completely misses you.
You barely miss the quokka.
The quokka bites you but does no damage.
You barely miss the quokka. The quokka barely misses you.
You scratch the quokka.
The quokka is severely wounded.
The quokka closely misses you.
You scratch the quokka but do no damage.
The quokka is severely wounded.
The quokka twitches its whiskers.
The quokka bites you but does no damage.
The quokka bites you.
You are too injured to fight recklessly!
You are too injured to fight recklessly!
You are too injured to fight recklessly!
You are too injured to fight recklessly!
You scratch the quokka.
The quokka is almost dead.
The quokka bites you.
* * * LOW HITPOINT WARNING * * *
You closely miss the quokka.
The quokka is almost dead.
The quokka closely misses you.
You closely miss the quokka.
The quokka is almost dead.
The quokka bites you.
You die...

##. .# ..... .. #≈.≈#
.# ##≈.≈# .#
+.≈.≈##.#.# #≈≈≈ #.#.#
###.###.#.## ##+#####
#.....r....# #......
#.....@..#.# #....
#........#.. #..#
#........##.###..#
#........##..##..#
#######'####.##..###.#
#..............#
#######.##..####
######..#..#
##.....#.#..#


You could see a quokka.

Vanquished Creatures
  An endoplasm (D:1)
1 creature vanquished.

Notes
Turn   | Place    | Note
-------+----------+-------------------------------------------
     0 | D:1      | siradein the Ghoul Earth Elementalist began the quest for
                  | the Orb.
     0 | D:1      | Reached XP level 1. HP: 14/14 MP: 2/2
   202 | D:1      | Slain by a quokka

Illustrated notes

Levels and vault maps discovered:
D:1:      nzn_arrival_settlement, layout_basic, serial_rivers,
          chequers_serial_rivers_large_a, chequers_serial_rivers_marsh,
          chequers_serial_rivers_micro_a, chequers_serial_rivers_micro_d,
          chequers_serial_rivers_small_b, serial_shops, nicolae_square_shop

Action                   || total
-------------------------++-------
Melee: Unarmed           ||    16
Armor: Robe              ||     3
Dodge: Dodged            ||     9

Table legend: (Time is in decaauts)
 A = Elapsed time spent in this place.
 B = Non-inter-level travel time spent in this place.
 C = Inter-level travel time spent in this place.
 D = Time resting spent in this place.
 E = Time spent auto-exploring this place.
 F = Levels seen in this place.
 G = Mean time per level.
                   A        B        C        D        E       F      G
               +--------+--------+--------+--------+--------+-----+--------+
         Total |    202 |    202 |      0 |      0 |    174 |   1 |  202.0 |
       Dungeon |    202 |    202 |      0 |      0 |    174 |   1 |  202.0 |
               +--------+--------+--------+--------+--------+-----+--------+

Top non-repeatable levels by time:
     D:1: 202 daAuts
